Map: Beckett Industries LE

Players

SpeCial

  • Race: Terran Terran
  • League: Master

Serral - Winner!

  • Race: Zerg Zerg

Event: TSL 7

VOD

Have the link to the VOD?

Description

Time

  • Played on: June 20, 2021, 10:42 a.m.
  • Length: 10:46

All games in this series

Show
View Real Time Build Order
Export as new Build Order

SpeCial Terran 

Build Orders: Reaper Expand, Hellion Banshee 

Get SALT Encoding   

  12  0:00  SCV  
  13  0:12  SCV  
  14  0:17  Supply Depot  
  14  0:24  SCV  
  15  0:39  SCV  
  15  0:40  Barracks  
  16  0:43  Refinery  
  16  0:51  SCV  
  17  1:03  SCV  
  18  1:15  SCV  
  19  1:27  Reaper  
  19  1:28  Orbital Command  
  20  1:39  Command Center  
  20  1:49  Supply Depot  
  20  1:54  SCV  
  20  1:59  Marine  
  22  2:06  SCV  
  23  2:12  Factory  
  23  2:18  SCV  
  24  2:24  Barracks Reactor  
  24  2:31  SCV  
  25  2:40  Command Center  
  25  2:43  SCV  
  26  2:54  Orbital Command  
  26  2:55  SCV  
  27  3:07  SCV, Hellion x2  
  32  3:13  Starport  
  32  3:17  Refinery  
  32  3:20  SCV x2  
  32  3:22  Barracks Tech Lab  
  34  3:28  Hellion  
  34  3:32  Hellion  
  38  3:35  SCV x2  
  40  3:47  SCV x2  
  42  3:53  Orbital Command  
  42  3:54  Hellion x2  
  46  3:59  Marine  
  46  4:00  Banshee  
  46  4:02  SCV x2  
  52  4:04  Cloaking Field  
  52  4:14  SCV x2  
  54  4:17  Hellion  
  54  4:18  Hellion  
  54  4:19  Supply Depot  
  54  4:22  Barracks Tech Lab  
  58  4:27  Orbital Command  
  58  4:30  SCV x2  
  60  4:42  SCV x2, Marine, Banshee  
  60  4:43  Supply Depot  
  66  4:45  Barracks  
  66  4:47  Factory Reactor  
  66  4:52  Barracks  
  66  4:54  SCV x2  
  66  4:58  Stimpack  
  66  4:59  SCV  
  69  5:03  Engineering Bay  
  69  5:04  Marine, Engineering Bay  
  69  5:06  SCV x2  
  72  5:11  SCV  
  73  5:15  Supply Depot  
  73  5:17  Refinery  
  73  5:18  SCV x2  
  73  5:19  Refinery  
  75  5:22  Marine  
  75  5:23  SCV  
  77  5:31  Terran Infantry Armor Level 1, Terran Infantry Weapons Level 1  
  77  5:36  SCV x3  
  77  5:37  Barracks x2  
  80  5:48  SCV x2  
  80  5:49  Marine  
  82  5:51  Marine x2  
  82  5:52  Starport Reactor  
  82  5:55  Supply Depot  
  85  6:17  SCV x2, Marine x3, Siege Tank  
  93  6:19  Supply Depot  
  93  6:21  Supply Depot  
  93  6:22  Supply Depot  
  93  6:27  Barracks Reactor x2  
  93  6:38  Combat Shield  
  93  6:40  Marine x4, Medivac x2  
  93  6:41  Supply Depot  
  93  6:43  SCV x3, Marine  
  93  6:44  Barracks  
  93  6:46  Barracks  
  105  6:48  Barracks  
  105  6:55  SCV x3, Supply Depot  
  105  6:56  Supply Depot  
  105  6:58  Marine x2  
  105  7:00  Marine x3  
  113  7:01  Siege Tank  
  113  7:07  SCV x3, Missile Turret  
  119  7:09  Missile Turret  
  119  7:10  Marine, Missile Turret  
  119  7:11  Marine  
  119  7:15  Medivac x2  
  122  7:16  Marine  
  122  7:18  Marine  
  122  7:19  Marine x4  
  128  7:23  Supply Depot  
  128  7:26  Marine  
  128  7:28  Marine  
  130  7:30  SCV x3  
  130  7:32  Barracks Reactor  
  130  7:33  Barracks Reactor  
  133  7:38  Marine x5  
  133  7:41  Supply Depot x2  
  133  7:44  Barracks Reactor, Armory  
  138  7:45  Siege Tank  
  138  7:47  Marine x3  
  138  7:48  Marine  
  138  7:49  Medivac  
  147  7:52  Supply Depot  
  147  7:56  Marine x2  
  149  8:01  Marine  
  149  8:02  Marine x2  
  149  8:05  Marine x4  
  147  8:13  Marine x4  
  147  8:14  Marine x2  
  147  8:19  Marine  
  153  8:20  Marine x2, Siege Tank  
  153  8:22  Marine  
  153  8:23  Marine x5  
  165  8:30  Marine  
  165  8:32  Medivac x2  
  165  8:33  Marine x3  
  173  8:39  Supply Depot  
  173  8:41  Marine x3  
  172  8:52  Marine x3, Siege Tank  
  172  8:53  Marine  
  172  8:55  SCV x3  
  160  8:59  Missile Turret  
  157  9:02  Marine  
  157  9:03  Marine  
  157  9:06  Marine x2  
  157  9:07  Marine x3  
  157  9:08  Marine x2  
  166  9:15  Marine x3  
  166  9:16  Marine x2  
  171  9:24  Marine  
  96  9:40  Marine  
  96  9:41  Marine  
  96  9:42  Marine x2  
  96  9:43  Marine x2  
  94  9:45  Marine  
  94  9:48  Marine  
  94  9:52  Marine x2  
  88  9:57  Marine  
  89  10:01  Marine  
  89  10:05  Marine  
  86  10:13  Marine x2  
  80  10:18  Marine  
  80  10:19  Marine  
  80  10:20  Marine  
  68  10:23  Marine  
  68  10:24  Marine  
Show
View Real Time Build Order
Export as new Build Order

Serral Zerg - Winner!

Build Orders: Hatch First, Muta Ling Bane 

Get SALT Encoding   

  12  0:00  Drone  
  13  0:12  Overlord  
  13  0:17  Drone  
  14  0:30  Drone x2  
  16  0:48  Hatchery  
  15  0:51  Drone  
  15  0:54  Drone  
  17  0:57  Drone  
  18  1:08  Extractor  
  17  1:13  Spawning Pool  
  17  1:16  Drone  
  17  1:20  Drone  
  18  1:27  Drone  
  19  1:38  Drone  
  20  1:48  Overlord  
  20  1:59  Queen  
  20  2:00  Queen, Zergling x4  
  26  2:11  Metabolic Boost  
  26  2:12  Drone x2  
  28  2:21  Drone x2  
  30  2:23  Spore Crawler  
  29  2:32  Drone  
  29  2:34  Drone  
  29  2:35  Queen  
  34  2:42  Overlord  
  35  2:44  Drone  
  35  2:56  Drone  
  36  3:00  Overlord  
  36  3:03  Hatchery  
  35  3:05  Drone  
  35  3:06  Drone  
  35  3:11  Drone x2  
  39  3:13  Drone  
  39  3:14  Drone  
  39  3:16  Drone  
  43  3:20  Drone  
  43  3:21  Drone  
  43  3:26  Queen  
  46  3:32  Queen  
  48  3:35  Overlord  
  48  3:38  Drone  
  48  3:39  Drone  
  50  3:42  Drone  
  50  3:43  Drone  
  52  3:49  Overlord  
  52  3:53  Extractor  
  52  3:55  Zergling x6  
  53  3:57  Drone x2  
  56  4:03  Lair  
  56  4:05  Zergling x2  
  57  4:11  Baneling Nest  
  57  4:12  Drone x3  
  57  4:13  Drone x2  
  57  4:16  Overlord  
  61  4:18  Drone  
  61  4:21  Drone  
  61  4:23  Overlord  
  63  4:26  Zergling x2  
  63  4:27  Drone  
  63  4:28  Drone  
  66  4:31  Drone  
  66  4:36  Overlord  
  66  4:38  Drone  
  68  4:39  Queen  
  68  4:44  Extractor, Zergling x4  
  68  4:45  Drone x2, Extractor  
  72  4:48  Drone  
  72  4:49  Drone  
  72  4:50  Drone x2  
  76  4:54  Overlord  
  76  4:56  Drone  
  76  4:59  Spore Crawler  
  75  5:03  Spire  
  75  5:04  Zergling x2  
  75  5:05  Drone  
  75  5:06  Extractor x2, Overseer  
  74  5:10  Drone x2  
  74  5:11  Drone  
  76  5:14  Drone x2  
  76  5:15  Drone  
  76  5:19  Drone x3  
  82  5:22  Drone x2  
  82  5:27  Baneling  
  82  5:28  Baneling  
  84  5:29  Centrifical Hooks  
  84  5:31  Drone x2  
  86  5:36  Drone x2, Overlord  
  86  5:38  Zergling x2  
  86  5:41  Zergling x2  
  90  5:45  Zergling x8  
  90  5:46  Zergling x2  
  95  5:51  Overlord  
  95  5:54  Zergling x6  
  95  5:55  Zergling x2  
  97  5:58  Overseer  
  92  6:07  Drone x5  
  92  6:09  Drone  
  94  6:14  Drone  
  92  6:26  Mutalisk  
  92  6:27  Mutalisk x6  
  92  6:31  Mutalisk  
  108  6:36  Drone x4  
  108  6:37  Drone  
  108  6:39  Spore Crawler  
  112  6:44  Mutalisk  
  112  6:46  Overlord x2  
  114  6:52  Baneling x6  
  114  6:53  Baneling  
  114  6:56  Zerg Flyer Weapons Level 1  
  114  7:05  Drone x2  
  114  7:08  Hatchery  
  115  7:12  Mutalisk x3  
  121  7:17  Zergling x12  
  121  7:21  Overlord x2  
  127  7:26  Mutalisk  
  129  7:40  Mutalisk x2  
  129  7:41  Mutalisk x2  
  129  7:43  Evolution Chamber  
  136  7:44  Evolution Chamber  
  136  7:48  Zergling x22  
  146  7:56  Baneling x11  
  146  8:04  Overlord  
  146  8:17  Overlord x2  
  146  8:19  Zerg Melee Weapons Level 1  
  146  8:20  Zerg Ground Armor Level 1  
  146  8:21  Baneling x6  
  146  8:23  Zergling x22  
  156  8:32  Zergling x8  
  160  8:37  Baneling  
  160  8:40  Baneling x10  
  160  8:48  Zergling x14  
  163  8:54  Zergling x8  
  163  8:58  Zergling x6  
  162  9:09  Baneling x12  
  160  9:11  Zergling x2  
  160  9:12  Zergling x16  
  160  9:15  Baneling x7  
  169  9:18  Zergling x4  
  169  9:22  Zergling x6  
  169  9:23  Zergling x2  
  157  9:36  Zergling x20  
  128  9:42  Baneling x6  
  128  9:45  Baneling x5  
  123  9:46  Zergling x8  
  123  9:50  Zergling x4  
  126  9:55  Zergling x8  
  125  10:02  Zergling x2  
  125  10:03  Zergling x10  
  129  10:11  Zergling x8  
  130  10:19  Zergling x6  
  125  10:25  Zergling x2  
  125  10:26  Baneling x2  
  125  10:27  Baneling x5  
  126  10:29  Zergling x2  
Tags
 
Add a new tag
Caveats
  • Supply blocks, unpowered buildings, or Contaminate may cause inaccurate times.
  • Supply counts are checked every 10 seconds.